| TOP OF THE 1ST |
|
Auburn Doubledays batting - Pitching for Brooklyn Cyclones : RHP Tony Ramos
|
|
Pitching: RHP Tony Ramos
|
|
|
Batting: LHB Mike Condon
|
0-0: Foul Ball, location: 2F 0-1: Ball 1-1: Called Strike 1-2: Ball 2-2: Ball 3-2: Foul Ball, location: 2F 3-2: Foul Ball, location: 2F 3-2: Base on Balls
|
|
Batting: RHB Travis Stanley
|
0-0: Ball 1-0: Called Strike Mike Condon steals 2nd, throwing error, E2 Mike Condon to third 1-1: SINGLE (Groundball, 34D, EV 106.2 MPH) Mike Condon scores
|
|
Batting: LHB John Luke
|
0-0: SINGLE (Line Drive, 4MD, EV 94.4 MPH) Travis Stanley to second
|
|
Batting: SHB Gabe Fraunfelder
|
0-0: Ball Travis Stanley steals 3rd base (no throw) John Luke to second 1-0: Ball 2-0: Ball 3-0: Base on Balls
|
|
Batting: RHB Slavik Nebrodov
|
0-0: Ball 1-0: Swinging Strike 1-1: Ball 2-1: Swinging Strike 2-2: Foul Ball, location: 2F 2-2: DOUBLE (Line Drive, 7LM, EV 103.1 MPH) Travis Stanley scores John Luke scores Gabe Fraunfelder to third
|
|
Batting: LHB Elias Posada
|
0-0: Ground out 4-3 (Groundball, 4, EV 93.8 MPH) Gabe Fraunfelder scores Slavik Nebrodov to third
|
|
Batting: SHB Alex Medina
|
0-0: Foul Ball, location: 2F 0-1: Swinging Strike 0-2: Ball 1-2: Ball 2-2: Ground out 2-3 (Groundball, 2R, EV 70.0 MPH)
|
|
Batting: RHB Jon Hill
|
0-0: Called Strike 0-1: Ball 1-1: Foul Ball, location: 2F 1-2: Foul Ball, location: 2F 1-2: Strikes out swinging
|
| Top of the 1st over - 4 runs, 3 hits, 1 error, 1 left on base; Auburn 4 - Brooklyn 0 |
| BOTTOM OF THE 1ST |
|
Brooklyn Cyclones batting - Pitching for Auburn Doubledays : RHP Chris Bonham
|
|
Pitching: RHP Chris Bonham
|
|
|
Batting: RHB Tony Oria
|
0-0: SINGLE (Groundball, 5L, EV 79.4 MPH) (infield hit)
|
|
Batting: RHB Corban Stavrakis
|
0-0: Ball 1-0: Called Strike 1-1: Swinging Strike 1-2: Foul Ball, location: 2F 1-2: Ball 2-2: Foul Ball, location: 2F 2-2: Foul Ball, location: 2F 2-2: Foul Ball, location: 2F 2-2: Ball 3-2: Strikes out swinging
|
|
Batting: LHB Victor Ferrermena
|
0-0: Called Strike 0-1: Ball 1-1: Ball 2-1: Ball 3-1: Base on Balls Tony Oria to second
|
|
Batting: LHB Adam Barry
|
0-0: Ball 1-0: Ball 2-0: Called Strike 2-1: Ball Wild Pitch! Tony Oria to third Victor Ferrermena to second 3-1: Base on Balls
|
|
Batting: SHB Julio Ramos
|
0-0: Ball 1-0: Swinging Strike 1-1: Foul Ball, location: 2F 1-2: Strikes out looking
|
|
Batting: RHB Mario Trujillo
|
0-0: Ground out 1-3 (Groundball, 13S, EV 71.9 MPH)
|
| Bottom of the 1st over - 0 runs, 1 hit, 0 errors, 3 left on base; Auburn 4 - Brooklyn 0 |
| TOP OF THE 2ND |
|
Auburn Doubledays batting - Pitching for Brooklyn Cyclones : RHP Tony Ramos
|
|
Batting: RHB David Rojas
|
0-0: Called Strike 0-1: Foul Ball, location: 2F 0-2: Foul Ball, location: 2F 0-2: DOUBLE (Line Drive, 5D, EV 110.0 MPH)
|
|
Batting: LHB Mike Condon
|
0-0: Called Strike 0-1: Ball 1-1: Called Strike 1-2: Ball 2-2: Foul Ball, location: 2F 2-2: Strikes out swinging
|
|
Batting: RHB Travis Stanley
|
0-0: Called Strike 0-1: Ball 1-1: Swinging Strike 1-2: Ball 2-2: Fly out, F8 (Line Drive, 8RM, EV 110.0 MPH)
|
|
Batting: LHB John Luke
|
0-0: Fly out, F7 (Line Drive, 7, EV 106.9 MPH)
|
| Top of the 2nd over - 0 runs, 1 hit, 0 errors, 1 left on base; Auburn 4 - Brooklyn 0 |
| BOTTOM OF THE 2ND |
|
Brooklyn Cyclones batting - Pitching for Auburn Doubledays : RHP Chris Bonham
|
|
Batting: RHB Allen Wozniak
|
0-0: Fly out, F9 (Flyball, 9LM, EV 85.6 MPH)
|
|
Batting: RHB Louwe Starmans
|
0-0: Called Strike 0-1: Foul Ball, location: 2F 0-2: Ball 1-2: Foul Ball, location: 2F 1-2: Ball 2-2: Foul Ball, location: 2F 2-2: Strikes out swinging
|
|
Batting: RHB Jung-keun Bai
|
0-0: Ball 1-0: Ground out U3 (Groundball, 3, EV 86.9 MPH)
|
| Bottom of the 2nd over - 0 runs, 0 hits, 0 errors, 0 left on base; Auburn 4 - Brooklyn 0 |
| TOP OF THE 3RD |
|
Auburn Doubledays batting - Pitching for Brooklyn Cyclones : RHP Tony Ramos
|
|
Batting: SHB Gabe Fraunfelder
|
0-0: Swinging Strike 0-1: Foul Ball, location: 2F 0-2: Foul Ball, location: 2F 0-2: Ball 1-2: Foul Ball, location: 2F 1-2: Fly out, F8 (Flyball, 8LXD, EV 83.1 MPH)
|
|
Batting: RHB Slavik Nebrodov
|
0-0: Ball 1-0: Fly out, F8 (Flyball, 89D, EV 101.2 MPH)
|
|
Batting: LHB Elias Posada
|
0-0: Swinging Strike 0-1: Ball 1-1: Swinging Strike 1-2: Strikes out looking
|
| Top of the 3rd over - 0 runs, 0 hits, 0 errors, 0 left on base; Auburn 4 - Brooklyn 0 |
| BOTTOM OF THE 3RD |
|
Brooklyn Cyclones batting - Pitching for Auburn Doubledays : RHP Chris Bonham
|
|
Batting: RHB Tony Oria
|
0-0: Called Strike 0-1: Called Strike 0-2: Fly out, F9 (Flyball, 9S, EV 87.5 MPH)
|
|
Batting: RHB Corban Stavrakis
|
0-0: Ball 1-0: Called Strike 1-1: Foul Ball, location: 2F 1-2: Ball 2-2: Ball 3-2: Base on Balls
|
|
Batting: LHB Victor Ferrermena
|
0-0: SINGLE (Groundball, 34, EV 105.0 MPH) Corban Stavrakis to second Runner from 2nd tries for 3rd, SAFE, throw by RF made to third
|
|
Now in RF: Bryan Ernst
|
|
|
Batting: LHB Adam Barry
|
0-0: Ball 1-0: Ball 2-0: Foul Ball, location: 2F 2-1: Foul Ball, location: 2F 2-2: Ball Passed Ball! Corban Stavrakis scores Victor Ferrermena to second 3-2: Base on Balls
|
|
Batting: SHB Julio Ramos
|
0-0: Ball 1-0: Ball Wild Pitch! Victor Ferrermena to third Adam Barry to second 2-0: Called Strike 2-1: Called Strike 2-2: Ball 3-2: Base on Balls
|
|
Batting: RHB Mario Trujillo
|
0-0: Foul Ball, location: 2F 0-1: Ball 1-1: Ball 2-1: Swinging Strike 2-2: Foul Ball, location: 2F 2-2: Reached on error, E5 (Groundball, 56, EV 81.2 MPH) Victor Ferrermena scores Adam Barry to third Julio Ramos to second
|
|
Batting: RHB Allen Wozniak
|
0-0: Fielders Choice at 2nd, 6-4 (Groundball, 6, EV 95.6 MPH) Adam Barry scores Julio Ramos to third
|
|
Batting: RHB Louwe Starmans
|
0-0: Hit by Pitch Allen Wozniak to second
|
|
Batting: RHB Jung-keun Bai
|
0-0: Called Strike 0-1: Ball 1-1: Ground out U3 (Groundball, 3S, EV 86.9 MPH)
|
| Bottom of the 3rd over - 3 runs, 1 hit, 1 error, 3 left on base; Auburn 4 - Brooklyn 3 |
| TOP OF THE 4TH |
|
Auburn Doubledays batting - Pitching for Brooklyn Cyclones : RHP Tony Ramos
|
|
Batting: SHB Alex Medina
|
0-0: Swinging Strike 0-1: Foul Ball, location: 2F 0-2: Ball 1-2: SINGLE (Flyball, 9, EV 77.5 MPH)
|
|
Batting: RHB Jon Hill
|
0-0: SINGLE (Groundball, 6MD, EV 101.2 MPH) Alex Medina to second
|
|
Batting: RHB David Rojas
|
0-0: Ball 1-0: Ball 2-0: Foul Ball, location: 2F 2-1: Ball 3-1: SINGLE (Groundball, 6S, EV 70.6 MPH) (infield hit) Alex Medina to third Jon Hill to second
|
|
Batting: LHB Mike Condon
|
0-0: Called Strike 0-1: DOUBLE (Line Drive, 89XD, EV 100.0 MPH) Alex Medina scores Jon Hill scores David Rojas to third
|
|
Batting: RHB Travis Stanley
|
0-0: Ball 1-0: Called Strike 1-1: Ball 2-1: Ball 3-1: Base on Balls
|
|
Batting: RHB Bryan Ernst
|
0-0: SINGLE (Flyball, 89S, EV 83.1 MPH) David Rojas scores Mike Condon to third Travis Stanley to second
|
|
Batting: SHB Gabe Fraunfelder
|
0-0: Fielders Choice at 2nd, 4-6 (Groundball, 4D, EV 80.0 MPH) Mike Condon scores Travis Stanley to third
|
|
Pitching: RHP Alastair Henry
|
|
|
Batting: RHB Slavik Nebrodov
|
0-0: Called Strike 0-1: Swinging Strike 0-2: Strikes out swinging
|
|
Batting: LHB Elias Posada
|
0-0: Swinging Strike 0-1: Swinging Strike 0-2: Ball 1-2: Strikes out swinging
|
| Top of the 4th over - 4 runs, 5 hits, 0 errors, 2 left on base; Auburn 8 - Brooklyn 3 |
| BOTTOM OF THE 4TH |
|
Brooklyn Cyclones batting - Pitching for Auburn Doubledays : RHP Chris Bonham
|
|
Batting: RHB Tony Oria
|
0-0: Foul Ball, location: 2F 0-1: Ball 1-1: Foul Ball, location: 2F 1-2: Foul Ball, location: 2F 1-2: Strikes out swinging
|
|
Batting: RHB Corban Stavrakis
|
0-0: Ball 1-0: Ball 2-0: Ball 3-0: Called Strike 3-1: Base on Balls
|
|
Batting: LHB Victor Ferrermena
|
Pickoff Throw to First - Out! 1-3 0-0: Ball 1-0: Ball 2-0: Ball 3-0: Base on Balls
|
|
Batting: LHB Adam Barry
|
0-0: SINGLE (Line Drive, 56D, EV 103.1 MPH) Victor Ferrermena to second
|
|
Batting: SHB Julio Ramos
|
0-0: Ball 1-0: Swinging Strike 1-1: Ground out U3 (Groundball, 3, EV 102.5 MPH)
|
| Bottom of the 4th over - 0 runs, 1 hit, 0 errors, 2 left on base; Auburn 8 - Brooklyn 3 |
| TOP OF THE 5TH |
|
Auburn Doubledays batting - Pitching for Brooklyn Cyclones : RHP Alastair Henry
|
|
Batting: SHB Alex Medina
|
0-0: Foul Ball, location: 2F 0-1: Ball 1-1: Fly out, F7 (Flyball, 78M, EV 88.1 MPH)
|
|
Batting: RHB Jon Hill
|
0-0: Called Strike 0-1: Called Strike 0-2: Ball 1-2: Ball 2-2: Foul Ball, location: 2F 2-2: Strikes out swinging
|
|
Batting: RHB David Rojas
|
0-0: Called Strike 0-1: Ground out 6-3 (Groundball, 6, EV 102.5 MPH)
|
| Top of the 5th over - 0 runs, 0 hits, 0 errors, 0 left on base; Auburn 8 - Brooklyn 3 |
| BOTTOM OF THE 5TH |
|
Brooklyn Cyclones batting - Pitching for Auburn Doubledays : RHP Chris Bonham
|
|
Pitching: RHP Mike DiFonzo
|
|
|
Batting: RHB Mario Trujillo
|
0-0: Called Strike 0-1: Fly out, F8 (Flyball, 89D, EV 104.4 MPH)
|
|
Batting: RHB Allen Wozniak
|
0-0: Ball 1-0: Called Strike 1-1: Ball 2-1: Ball 3-1: Ground out 6-3 (Groundball, 6M, EV 83.8 MPH)
|
|
Batting: RHB Louwe Starmans
|
0-0: Ball 1-0: Ball 2-0: Ball 3-0: Base on Balls
|
|
Batting: RHB Jung-keun Bai
|
0-0: Ball 1-0: Called Strike 1-1: Called Strike 1-2: Ball 2-2: Foul Ball, location: 2F 2-2: Strikes out swinging
|
| Bottom of the 5th over - 0 runs, 0 hits, 0 errors, 1 left on base; Auburn 8 - Brooklyn 3 |
| TOP OF THE 6TH |
|
Auburn Doubledays batting - Pitching for Brooklyn Cyclones : RHP Alastair Henry
|
|
Batting: LHB Mike Condon
|
0-0: Called Strike 0-1: Called Strike 0-2: Ball 1-2: Strikes out looking
|
|
Batting: RHB Travis Stanley
|
0-0: Ball 1-0: Foul Ball, location: 2F 1-1: Foul Ball, location: 2F 1-2: Foul Ball, location: 2F 1-2: Ball 2-2: Fly out, F7 (Flyball, 7S, EV 95.0 MPH)
|
|
Pitching: RHP Leo Burgos
|
|
|
Batting: RHB Bryan Ernst
|
0-0: Ground out 4-3 (Groundball, 4, EV 90.6 MPH)
|
| Top of the 6th over - 0 runs, 0 hits, 0 errors, 0 left on base; Auburn 8 - Brooklyn 3 |
| BOTTOM OF THE 6TH |
|
Brooklyn Cyclones batting - Pitching for Auburn Doubledays : RHP Mike DiFonzo
|
|
Batting: RHB Tony Oria
|
0-0: Fly out, F8 (Flyball, 8LD, EV 85.0 MPH)
|
|
Batting: RHB Corban Stavrakis
|
0-0: Called Strike 0-1: Ball 1-1: Ground out 6-3 (Groundball, 6, EV 91.2 MPH)
|
|
Batting: LHB Victor Ferrermena
|
0-0: Called Strike 0-1: Foul Ball, location: 2F 0-2: Strikes out swinging
|
| Bottom of the 6th over - 0 runs, 0 hits, 0 errors, 0 left on base; Auburn 8 - Brooklyn 3 |
| TOP OF THE 7TH |
|
Auburn Doubledays batting - Pitching for Brooklyn Cyclones : RHP Leo Burgos
|
|
Batting: SHB Gabe Fraunfelder
|
0-0: Called Strike 0-1: Swinging Strike 0-2: Ball 1-2: Ball 2-2: Foul Ball, location: 2F 2-2: Ball 3-2: SINGLE (Line Drive, 56, EV 94.4 MPH)
|
|
Batting: RHB Slavik Nebrodov
|
0-0: Called Strike 0-1: Foul Ball, location: 2F 0-2: Ball 1-2: Ball 2-2: Foul Ball, location: 2F 2-2: SINGLE (Flyball, 8LS, EV 88.8 MPH) Gabe Fraunfelder to second Runner from 2nd tries for 3rd, SAFE, no throw by CF
|
|
Batting: LHB Elias Posada
|
0-0: Ball 1-0: Ball 2-0: Foul Ball, location: 2F 2-1: Ball 3-1: SINGLE (Groundball, 56S, EV 68.1 MPH) (infield hit) Gabe Fraunfelder scores Slavik Nebrodov to second
|
|
Pitching: LHP Mike Capers
|
|
|
Batting: SHB Alex Medina
|
0-0: Ball 1-0: Called Strike 1-1: Grounds into double play, 5-4-3 (Groundball, 5, EV 108.1 MPH) Slavik Nebrodov to third
|
|
Batting: RHB Jon Hill
|
0-0: Called Strike 0-1: Ball 1-1: Swinging Strike 1-2: Strikes out looking
|
| Top of the 7th over - 1 run, 3 hits, 0 errors, 1 left on base; Auburn 9 - Brooklyn 3 |
| BOTTOM OF THE 7TH |
|
Brooklyn Cyclones batting - Pitching for Auburn Doubledays : RHP Mike DiFonzo
|
|
Batting: LHB Adam Barry
|
0-0: Ball 1-0: Called Strike 1-1: Foul Ball, location: 2F 1-2: Foul Ball, location: 2F 1-2: Foul Ball, location: 2F 1-2: SOLO HOME RUN (Line Drive, 8LXD, EV 117.5 MPH), Distance : 459 ft
|
|
Batting: SHB Julio Ramos
|
0-0: Ball 1-0: Swinging Strike 1-1: Foul Ball, location: 2F 1-2: DOUBLE (Line Drive, 8LXD, EV 105.0 MPH)
|
|
Pitching: RHP Felipe Valencia
|
|
|
Batting: RHB Mario Trujillo
|
0-0: Ball 1-0: Swinging Strike 1-1: Foul Ball, location: 2F 1-2: SINGLE (Groundball, 5S, EV 74.4 MPH) (infield hit) Julio Ramos to third
|
|
Batting: RHB Allen Wozniak
|
0-0: Ball 1-0: Swinging Strike 1-1: Called Strike 1-2: Ball 2-2: Ball Wild Pitch! Julio Ramos scores Mario Trujillo to second 3-2: Reached via error on a dropped throw from SS, E3 (Groundball, 6S, EV 76.2 MPH) Mario Trujillo to third
|
|
Batting: RHB Louwe Starmans
|
0-0: Fielders Choice at 2nd, 6-4 (Groundball, 6, EV 98.1 MPH) Mario Trujillo scores
|
|
Batting: RHB Jung-keun Bai
|
0-0: Ball 1-0: Foul Ball, location: 2F 1-1: Ball 2-1: Swinging Strike 2-2: Strikes out swinging
|
|
Batting: RHB Tony Oria
|
0-0: Fly out, F8 (Flyball, 89M, EV 88.1 MPH)
|
| Bottom of the 7th over - 3 runs, 3 hits, 1 error, 1 left on base; Auburn 9 - Brooklyn 6 |
| TOP OF THE 8TH |
|
Auburn Doubledays batting - Pitching for Brooklyn Cyclones : LHP Mike Capers
|
|
Batting: RHB David Rojas
|
0-0: Ball 1-0: Ball 2-0: Called Strike 2-1: Swinging Strike 2-2: Ball 3-2: Strikes out swinging
|
|
Batting: LHB Mike Condon
|
0-0: Foul Ball, location: 2F 0-1: Ground out 5-3 (Groundball, 56, EV 110.6 MPH)
|
|
Batting: RHB Travis Stanley
|
0-0: Ball 1-0: Ball 2-0: Ball 3-0: Called Strike 3-1: Foul Ball, location: 2F 3-2: Base on Balls
|
|
Pitching: LHP Jose Diaz
|
|
|
Batting: RHB Bryan Ernst
|
0-0: DOUBLE (Flyball, 8RXD, EV 111.2 MPH) Travis Stanley to third Runner from 3rd tries for Home, SAFE, no throw by CF
|
|
Batting: SHB Gabe Fraunfelder
|
0-0: Ball 1-0: Called Strike 1-1: Ground out 5-3 (Groundball, 56, EV 101.9 MPH)
|
| Top of the 8th over - 1 run, 1 hit, 0 errors, 1 left on base; Auburn 10 - Brooklyn 6 |
| BOTTOM OF THE 8TH |
|
Brooklyn Cyclones batting - Pitching for Auburn Doubledays : RHP Felipe Valencia
|
|
Pitching: LHP Juan Bonet
|
|
|
Batting: RHB Corban Stavrakis
|
0-0: Foul Ball, location: 2F 0-1: Ball 1-1: Swinging Strike 1-2: Ball 2-2: Ground out 5-3 (Groundball, 56, EV 100.0 MPH)
|
|
Batting: LHB Victor Ferrermena
|
0-0: Called Strike 0-1: Called Strike 0-2: Ball 1-2: Ball 2-2: SINGLE (Line Drive, 7S, EV 95.6 MPH)
|
|
Batting: LHB Adam Barry
|
0-0: Ball 1-0: Called Strike 1-1: Ball 2-1: Foul Ball, location: 2F 2-2: SINGLE (Line Drive, 56D, EV 95.0 MPH) Victor Ferrermena to second
|
|
Batting: SHB Julio Ramos
|
0-0: Foul Ball, location: 2F 0-1: Ball 1-1: Foul Ball, location: 2F 1-2: Ball 2-2: Foul Ball, location: 2F 2-2: Foul Ball, location: 2F 2-2: Fielders Choice at 2nd, 6-4 (Groundball, 6, EV 102.5 MPH) Victor Ferrermena to third
|
|
Now at 2B: Isaiah Seme
|
|
|
Batting: RHB Mario Trujillo
|
0-0: Ball 1-0: Ball 2-0: Ground out 4-3 (Groundball, 4S, EV 92.5 MPH)
|
| Bottom of the 8th over - 0 runs, 2 hits, 0 errors, 2 left on base; Auburn 10 - Brooklyn 6 |
| TOP OF THE 9TH |
|
Auburn Doubledays batting - Pitching for Brooklyn Cyclones : LHP Jose Diaz
|
|
Batting: RHB Slavik Nebrodov
|
0-0: Ball 1-0: DOUBLE (Flyball, 89D, EV 105.0 MPH)
|
|
Batting: LHB Elias Posada
|
0-0: Ball 1-0: Foul Ball, location: 2F 1-1: Ground out 5-3 (Groundball, 56S, EV 66.2 MPH) Slavik Nebrodov to third
|
|
Batting: SHB Alex Medina
|
0-0: Called Strike 0-1: Foul Ball, location: 2F 0-2: Foul Ball, location: 2F 0-2: SINGLE (Groundball, 56D, EV 97.5 MPH) Slavik Nebrodov scores
|
|
Batting: RHB Jon Hill
|
0-0: Reached on error, E6 (Groundball, 6, EV 88.1 MPH) Alex Medina to second
|
|
Batting: RHB David Rojas
|
0-0: Ball 1-0: Ball 2-0: Called Strike 2-1: Ball 3-1: Swinging Strike 3-2: Strikes out swinging
|
|
Pitching: RHP Jason Vulich
|
|
|
Batting: LHB Mike Condon
|
0-0: Ball 1-0: Called Strike 1-1: Foul Ball, location: 2F 1-2: SINGLE (Line Drive, 56D, EV 100.0 MPH) Alex Medina to third Jon Hill to second Runner from 3rd tries for Home, SAFE, throw by LF to home
|
|
Batting: RHB Isaiah Seme
|
0-0: Ground out 4-3 (Groundball, 4, EV 85.0 MPH)
|
| Top of the 9th over - 2 runs, 3 hits, 1 error, 2 left on base; Auburn 12 - Brooklyn 6 |
| BOTTOM OF THE 9TH |
|
Brooklyn Cyclones batting - Pitching for Auburn Doubledays : LHP Juan Bonet
|
|
Batting: RHB Allen Wozniak
|
0-0: Ball 1-0: Ball 2-0: Foul Ball, location: 2F 2-1: Foul Ball, location: 2F 2-2: Ball 3-2: Ground out 4-3 (Groundball, 4M, EV 88.1 MPH)
|
|
Batting: RHB Louwe Starmans
|
0-0: Fly out, F1 (Line Drive, P, EV 73.1 MPH)
|
|
Batting: RHB Jung-keun Bai
|
0-0: Ball 1-0: Ball 2-0: Foul Ball, location: 2F 2-1: Ball 3-1: Called Strike 3-2: Base on Balls
|
|
Batting: RHB Tony Oria
|
0-0: Ball 1-0: Ground out 3-1 (Groundball, 34S, EV 90.6 MPH)
|
| Bottom of the 9th over - 0 runs, 0 hits, 0 errors, 1 left on base; Auburn 12 - Brooklyn 6 |
|